 Dungeon Crawl Stone Soup version 0.30-a0-965-g42e074c17a (webtiles) character file.

Game seed: 4092771445415714690

1796318 bakla the Axe Maniac (level 24, 209/209 HPs)
             Began as a Minotaur Air Elementalist on Mar 30, 2023.
             Was the Champion of Dithmenos.
             Escaped with the Orb
             ... and 3 runes on Mar 31, 2023!
             The game lasted 02:30:56 (56829 turns).

bakla the Axe Maniac (Minotaur Air Elementalist)   Turns: 56829, Time: 02:30:56

Health: 209/209    AC: 49    Str: 21    XL:     24   Next: 91%
Magic:  31/31      EV: 22    Int:  6    God:    Dithmenos [******]
Gold:   4482       SH: 23    Dex: 15    Spells: 25/25 levels left

rFire   + + .      SeeInvis +    s - +9 broad axe (distort)
rCold   + + +      Faith    .    c - +0 tower shield
rNeg    + . .      Spirit   .    G - +10 gold dragon scales
rPois   +          Reflect  .    p - +2 hat {SInv}
rElec   .          Rampage  +    F - +2 cloak {Will+}
rCorr   +          Harm     + .  T - +3 pair of gloves "Ylollos" {Harm rC++ Int-3 SInv}
Will    +++..                    h - +2 pair of boots {rampage} Stlth
                                 g - amulet of Qeikkoma {rPois rN+ Regen+ Stlth+}
HPRegen 1.34/turn                B - ring of Sotzy {Will+ rCorr Int-3 Stlth+}
MPRegen 0.22/turn                V - ring of the Hare {EV+10}

@: wreathed by umbra
A: horns 2, retaliatory headbutt, deterioration 2, fire resistance 1, frail 1,
screaming 1, subdued magic 1
0: Orb of Zot
}: 3/15 runes: decaying, silver, gossamer
a: Renounce Religion, Shadow Step, Shadow Form


You escaped.
You worshipped Dithmenos.
Dithmenos was exalted by your worship.
You visited 10 branches of the dungeon, and saw 48 of its levels.
You visited the Abyss 1 time.
You also visited: Sewer, Ossuary and Ice Cave.

You collected 7640 gold pieces.
You spent 3158 gold pieces at shops.

Inventory:

Hand Weapons
 s - a +9 broad axe of distortion (weapon)
Missiles
 H - 6 curare-tipped darts (quivered)
 W - a throwing net
Armour
 c - a +0 tower shield (worn)
 h - a +2 pair of boots of rampaging (worn)
 p - a +2 hat of see invisible (worn)
 F - a +2 cloak of willpower (worn)
 G - +10 gold dragon scales (worn)
 T - the +3 pair of gloves "Ylollos" (worn) {Harm rC++ Int-3 SInv}
   (You found it on level 2 of the Spider Nest)

   Int:       It affects your intelligence (-3).
   rC:        It greatly protects you from cold.
   SInv:      It lets you see invisible.
   Harm:      It increases damage dealt and taken.
 X - a +6 crystal plate armour
Jewellery
 g - the amulet of Qeikkoma (around neck) {rPois rN+ Regen+ Stlth+}
   (You found it on level 5 of the Vaults)

   [amulet of regeneration]

   rPois:     It protects you from poison.
   rN:        It protects you from negative energy.
   Regen:     It increases your rate of health regeneration.
   Stlth:     It makes you more stealthy.
 i - a ring of protection from cold
 j - the ring "Zoubus" {Fly rN+ Int+2}
   (You found it on level 2 of the Elven Halls)

   [ring of flight]

   Int:       It affects your intelligence (+2).
   rN:        It protects you from negative energy.
   Fly:       It grants you flight.
 n - a +6 ring of dexterity
 B - the ring of Sotzy (left hand) {Will+ rCorr Int-3 Stlth+}
   (You bought it in a shop on level 2 of the Depths)

   [ring of willpower]

   Int:       It affects your intelligence (-3).
   rCorr:     It protects you from acid and corrosion.
   Will:      It increases your willpower.
   Stlth:     It makes you more stealthy.
 E - the ring of Suspicion {Contam Fly Str+4 SInv}
   (You found it on level 5 of the Vaults)

   [ring of see invisible]

   Str:       It affects your strength (+4).
   SInv:      It lets you see invisible.
   Fly:       It grants you flight.
   Contam:    It causes magical contamination when unequipped.
 P - a ring of willpower
 S - a ring of poison resistance
 V - the ring of the Hare (right hand) {EV+10}
   (You took it off a deep elf death mage on level 3 of the Elven Halls)

   [ring of evasion]

   EV:        It affects your evasion (+10).
Wands
 y - a wand of flame (23)
 N - a wand of roots (23)
 O - a wand of digging (14)
 U - a wand of acid (12)
 Y - a wand of polymorph (7)
Scrolls
 m - 5 scrolls of fear
 q - 9 scrolls of fog
 r - 2 scrolls of noise
 u - 7 scrolls of vulnerability
 v - 6 scrolls of poison
 w - 8 scrolls of teleportation
 z - 2 scrolls of blinking
 A - 4 scrolls of magic mapping
 I - 3 scrolls of butterflies
 J - 35 scrolls of identify
 Z - 4 scrolls of silence
Potions
 a - 3 potions of resistance
 b - 6 potions of magic
 d - 3 potions of haste
 e - 21 potions of curing
 f - 9 potions of mutation
 k - 7 potions of flight
 l - 12 potions of brilliance
 o - 11 potions of cancellation
 t - 12 potions of ambrosia
 C - 5 potions of might
 K - 8 potions of invisibility
 M - 6 potions of attraction
 Q - 5 potions of lignification
Miscellaneous
 x - a box of beasts
 D - a phantom mirror
 L - a condenser vane
 R - a phial of floods


   Skills:
 + Level 22.5 Fighting
 O Level 27 Axes
 - Level 6.7(19.0) Maces & Flails
 + Level 22.5 Armour
 - Level 20.0 Dodging
 - Level 1.5 Stealth
 + Level 22.6 Shields
 - Level 1.3 Spellcasting
 - Level 0.6 Conjurations
 - Level 2.1 Air Magic
 - Level 13.0 Invocations
 - Level 10.0 Evocations


You had 25 spell levels left.
You didn't know any spells.
Your spell library contained the following spells:

 Spells                   Type           Power      Damage    Failure   Level
 Apportation              Tloc           0%         N/A       100%        1
 Necrotise                Necr           0%         1d4       100%        1
 Sandblast                Erth           0%         2d4       100%        1
 Shock                    Conj/Air       4%         1d3       100%        1
 Summon Small Mammal      Summ           0%         N/A       100%        1
 Blink                    Tloc           0%         N/A       100%        2
 Cigotuvi's Dreadful Rot  Necr/Pois/Air  0%         N/A       100%        2
 Ensorcelled Hibernation  Hex/Ice        0%         N/A       100%        2
 Lesser Beckoning         Tloc           0%         N/A       100%        2
 Momentum Strike          Conj/Tloc      0%         3d8       100%        2
 Passwall                 Tmut/Erth      0%         N/A       100%        2
 Poisonous Vapours        Pois/Air       2%         N/A       100%        2
 Static Discharge         Conj/Air       2%         2-3/arc   100%        2
 Call Canine Familiar     Summ           0%         N/A       100%        3
 Gell's Gravitas          Tloc           0%         N/A       100%        3
 Hailstorm                Conj/Ice       0%         3d3       100%        3
 Ignite Poison            Fire/Tmut/Pois 0%         N/A       100%        3
 Inner Flame              Hex/Fire       0%         N/A       100%        3
 Mephitic Cloud           Conj/Pois/Air  1%         N/A       100%        3
 Ozocubu's Armour         Ice            0%         N/A       100%        3
 Portal Projectile        Hex/Tloc       0%         N/A       100%        3
 Spider Form              Tmut/Pois      0%         N/A       100%        3
 Stone Arrow              Conj/Erth      0%         3d7       100%        3
 Summon Guardian Golem    Hex/Summ       0%         N/A       100%        3
 Swiftness                Air            2%         N/A       100%        3
 Teleport Other           Tloc           0%         N/A       100%        3
 Tukima's Dance           Hex            0%         N/A       100%        3
 Vhi's Electric Charge    Tloc/Air       2%         N/A       100%        3
 Airstrike                Air            1%         2d(1-17)  100%        4
 Anguish                  Hex/Necr       0%         N/A       100%        4
 Animate Dead             Necr           0%         N/A       100%        4
 Cause Fear               Hex            0%         N/A       100%        4
 Ice Form                 Ice/Tmut       0%         N/A       100%        4
 Leda's Liquefaction      Hex/Erth       0%         N/A       100%        4
 Passage of Golubria      Tloc           0%         N/A       100%        4
 Sticky Flame             Conj/Fire      0%         2d3       100%        4
 Summon Lightning Spire   Summ/Air       1%         N/A       100%        4
 Arcjolt                  Conj/Air       0%         1d10      100%        5
 Iskenderun's Battlesphe  Conj           0%         2d6       100%        5
 Metabolic Englaciation   Hex/Ice        0%         N/A       100%        5
 Summon Forest            Summ/Tloc      0%         N/A       100%        5
 Summon Mana Viper        Hex/Summ       0%         N/A       100%        5
 Yara's Violent Unravell  Hex/Tmut       0%         3d3       100%        5
 Dispersal                Tloc           0%         N/A       100%        6
 Iron Shot                Conj/Erth      0%         9d1       100%        6
 Simulacrum               Ice/Necr       0%         N/A       100%        6
 Summon Cactus Giant      Summ           0%         N/A       100%        6
 Haunt                    Necr/Summ      0%         N/A       100%        7
 Orb of Destruction       Conj           0%         9d5       100%        7
 Ozocubu's Refrigeration  Ice            0%         4d7       100%        7
 Spellforged Servitor     Conj/Summ      0%         N/A       100%        7
 Storm Form               Tmut/Air       0%         N/A       100%        7
 Borgnjor's Revivificati  Necr           0%         N/A       100%        8
 Discord                  Hex            0%         N/A       100%        8
 Ignition                 Fire           0%         3d3       100%        8
 Infestation              Necr           0%         N/A       100%        8
 Maxwell's Capacitive Co  Air            1%         ∞         100%        8
 Necromutation            Tmut/Necr      0%         N/A       100%        8
 Summon Horrible Things   Summ           0%         N/A       100%        8
 Death's Door             Necr           0%         N/A       100%        9
 Polar Vortex             Ice            0%         N/A       100%        9


Dungeon Overview and Level Annotations

Branches:
Dungeon (15/15)            Temple (1/1) D:4            Lair (5/5) D:10
  Swamp (4/4) Lair:3       Spider (4/4) Lair:3        Slime (0/5) Lair:5
    Orc (2/2) D:12            Elf (3/3) Orc:2        Vaults (5/5) D:13
  Crypt (0/3) Vaults:3     Depths (4/4) D:15            Zot (5/5) Depths:4
  Sewer (visited)         Ossuary (visited)           IceCv (visited)

Altars:
Ashenzari
Cheibriados
Dithmenos
Elyvilon
Fedhas
Gozag
Hepliaklqana
Kikubaaqudgha
Makhleb
Nemelex Xobeh
Okawaru
Qazlal
Ru
Sif Muna
Trog
Uskayaw
Vehumet
Wu Jian
Xom
Yredelemnul
Zin
The Shining One
Jiyva

Shops:
D:1 (   D:3 =   Orc:2 ?!*:   Vaults:2 [(   Depths:2 =::*   Depths:4 [*(

Portals:
Hell: Depths:1 Depths:2 Depths:3 Depths:4
Abyss: Depths:2 Depths:3
Pandemonium: Depths:2 Depths:4
Ziggurat: Depths:1

Annotations:
D:8 2 transporters
Lair:5 2 runed translucent doors, Peggaxt's ghost, journeyman MiGl
Elf:2 3 runed translucent doors
Vaults:2 2 transporters, exclusion: orange crystal statue
Depths:1 1 exclusion
Zot:1 3 runed translucent doors, Rifisioch's ghost, veteran TrCK
Zot:2 exclusion: 3 upstairs
Zot:3 exclusions: 4 doors and 2 upstairs
Zot:4 exclusion: 2 upstairs
Zot:5 exclusion: 2 upstairs
Abyss:1 Frederick; Vv


Innate Abilities, Weirdness & Mutations

You have a pair of horns on your head.
You reflexively headbutt those who attack you in melee.
Your body often deteriorates upon taking damage.
Your flesh is heat resistant. (rF+)
You are frail. (-10% HP)
You occasionally shout uncontrollably at your foes.
Your spells are a little easier to cast, but a little less powerful.


Message History

The freezing blast engulfs you. You resist.
No reachable target in view!
No reachable target in view!
No reachable target in view!
Unknown command.
No reachable target in view!
You rampage towards the blizzard demon!
The blizzard demon misses you. You furiously retaliate!
You headbutt the blizzard demon. You block the blizzard demon's attack.
You slice the blizzard demon!!
You kill the blizzard demon!
Dithmenos accepts your kill.
There is an open door here.
(D) Dungeon (T) Temple (L) Lair (S) Swamp (N) Spider Nest (M) Slime Pits (O) Orcish Mines (E) Elven Halls (V) Vaults (C) Crypt (U) Depths (H) Hell (Z) Zot
Where to? (Enter - D:1 @ (x,y), ? - help)
You yell at the soul eater!
A soul eater comes into view.
You rampage towards the soul eater!
The soul eater hits you but does no damage.
You slice the soul eater!!
Space warps horribly around the soul eater!
The soul eater is heavily wounded.
You slash the soul eater!
Space warps horribly around the soul eater!
You headbutt the soul eater.
You kill the soul eater!
Dithmenos accepts your kill.
No target in view!
(D) Dungeon (T) Temple (L) Lair (S) Swamp (N) Spider Nest (M) Slime Pits (O) Orcish Mines (E) Elven Halls (V) Vaults (C) Crypt (U) Depths (H) Hell (Z) Zot
Where to? (Enter - D:1 @ (x,y), ? - help)
You see here a +0 dagger.
There is a staircase leading out of the dungeon here.
There is a staircase leading out of the dungeon here.
You have escaped!

.#...#### #...## #.. .#>..#
##...# #.. .#.#.# ###....## ###
##.#.# ###....#..##
#.#.###.....###..#
#.#.##.....####..####
#...##.....# #......#
#.###...#..###....#.##
#.##...##...#..@.##..#### ##
##'##..####.......##.....## #.
#.....## ##....####.###..### #.
#......# ##..## ### #....####.
#......### ##..# #####.##......
#....#...####...####.#...#####...
#....##....#....#.#....### #...
#....####..#.........### #...
##..## ##...###.###.# #...


There were no monsters in sight!

Vanquished Creatures
  2 orbs of fire (Zot:5)
  5 ancient liches (Zot:5)
  Sojobo (Depths:4)
  Parghit (Depths:3)
  5 Killer Klowns (Zot:5)
  Bai Suzhen (Spider:3)
  Boris (Depths:3)
  5 caustic shrikes (Depths:4)
  Nikola (Spider:1)
  8 golden dragons
  2 electric golems (Zot:5)
  7 tentacled monstrosities
  Zenata (Elf:1)
  An Ice Fiend (Zot:5)
  24 Orb Guardians
  2 titans
  A deep elf blademaster (Elf:3)
  4 quicksilver dragons
  A walking divine tome (Depths:3)
  6 sphinxes
  5 death cobs
  4 thorn hunters (Swamp:4)
  5 tengu reavers
  6 storm dragons
  2 draconian monks
  7 shadow dragons
  4 fire giants
  A fenstrider witch (shapeshifter) (Vaults:5)
  2 draconian knights
  11 vault wardens
  8 frost giants
  8 ghost moths
  7 emperor scorpions
  11 deep elf sorcerers
  Aizul (Lair:3)
  A draconian scorcher (Depths:4)
  A draconian shifter (Zot:2)
  3 draconian annihilators
  A war gargoyle (Vaults:5)
  2 orc warlords
  2 spriggan defenders
  3 broodmothers
  5 deep elf elementalists (Elf:3)
  9 ironbound preservers
  16 stone giants
  A reaper (Depths:4)
  31 very ugly things
  5 eleionomae
  5 vampire knights
  5 ironbound thunderhulks
  7 deep elf demonologists
  3 black draconians
  5 green draconians
  4 deep elf annihilators
  8 spark wasps
  Azrael (D:14)
  7 bunyips
  6 red draconians
  5 white draconians
  3 yellow draconians
  9 dire elephants
  5 purple draconians
  A crystal guardian (Vaults:2)
  8 ettins
  2 blizzard demons
  3 merfolk javelineers
  6 entropy weavers
  3 fire dragons
  2 jiangshi (Depths:1)
  9 deep elf death magi
  5 deep elf high priests
  4 great orbs of eyes
  Fannar (Lair:2)
  2 rakshasas
  Erolcha (D:13)
  13 yaktaur captains
  30 vault guards
  A shambling mangrove (Swamp:4)
  A peacekeeper (Vaults:2)
  2 radroaches
  2 spriggan air magi
  2 ghost crabs
  8 ironbound frosthearts
  9 centaur warriors
  2 death knights
  5 ogre magi
  5 ice dragons
  2 catoblepae
  15 hydras
  16 boulder beetles
  17 two-headed ogres
  8 death yaks
  5 deep troll earth magi
  9 dancing weapons
  5 alligators
  7 tengu warriors
  2 deep troll shamans (Depths:1)
  3 spriggan berserkers
  2 vampire magi
  16 deep elf knights
  2 soul eaters
  7 hell knights
  5 orc high priests (Orc:2)
  A sun demon (Depths:1)
  2 thrashing horrors (Abyss:3)
  2 sixfirhies
  Amaemon (Lair:3)
  5 pharaoh ants
  A wretched star (Abyss:3)
  4 goliath frogs
  An iron troll (Depths:1)
  5 skeletal warriors
  8 swamp dragons
  7 spriggan druids
  21 deep elf archers
  35 deep trolls
  5 phantasmal warriors
  4 glowing orange brains
  12 orb spiders
  10 orc knights
  6 lindwurms
  7 harpies
  3 spectral hydras (Swamp:4)
  2 necromancers
  9 steelbarb worms
  9 bog bodies
  28 ironbound convokers
  11 wizards
  24 deep elf zephyrmancers
  32 deep elf pyromancers
  3 oklob plants (Swamp:4)
  2 manticores
  27 wolf spiders
  3 orc sorcerers
  9 cyclopes
  A salamander (Depths:1)
  35 ugly things
  2 will-o-the-wisps
  A manticore (shapeshifter) (Vaults:4)
  A salamander (shapeshifter) (Vaults:4)
  5 demonic crawlers
  6 elephants
  6 black mambas
  20 moths of wrath
  A guardian serpent (Lair:5)
  2 rust devils (Depths:4)
  17 vault sentinels
  A molten gargoyle (Depths:1)
  2 ice statues (IceCv)
  A smoke demon (Depths:2)
  12 torpor snails
  5 freezing wraiths
  3 gargoyles
  3 orange demons
  30 yaktaurs
  4 unseen horrors
  13 cane toads
  10 komodo dragons
  2 kobold demonologists (D:13)
  A rime drake (Lair:3)
  4 anaconda simulacra (IceCv)
  7 tengu conjurers
  4 ice devils
  A hydra zombie (Swamp:4)
  4 polar bears
  3 death drake zombies (Swamp:4)
  A wind drake (shapeshifter) (Elf:1)
  5 trolls
  7 tyrant leeches
  2 meliai (Spider:4)
  25 hornets
  20 tarantellas
  A hornet (shapeshifter) (Elf:1)
  A hellwing (Depths:2)
  2 death drake skeletons (Swamp:4)
  2 hydra skeletons (Swamp:4)
  A dream sheep (shapeshifter) (Depths:3)
  3 raiju (Abyss:3)
  5 blink frogs (Lair:1)
  A fire giant simulacrum (Vaults:4)
  14 slime creatures
  12 culicivoras
  An air elemental (Elf:3)
  14 water elementals
  24 spriggans
  19 jumping spiders
  2 shadows
  7 wyverns (Lair:5)
  A vampire (D:11)
  A wraith (D:11)
  58 yaks
  A dire elephant simulacrum (IceCv)
  A human (D:13)
  2 yaks (shapeshifter)
  6 basilisks
  A chaos spawn (Depths:2)
  3 fire elementals
  Eustachio (D:5)
  A steam dragon (D:9)
  A redback (shapeshifter) (Elf:1)
  61 redbacks
  Menkaure (D:7)
  10 vampire mosquitoes
  3 harpy simulacra (IceCv)
  19 swamp worms
  6 acid dragons
  15 water moccasins
  3 wargs
  5 hydra simulacra
  2 hell hounds (D:14)
  An ettin simulacrum (Vaults:4)
  18 orc warriors
  A swamp dragon zombie (Swamp:4)
  3 black bears
  A sky beast (D:6)
  5 swamp drakes (Swamp:4)
  11 centaurs
  A boggart (shapeshifter) (Vaults:5)
  7 boggarts (Vaults:1)
  19 wolves
  10 ogres
  3 kobold brigands
  An elf zombie (Ossuary)
  A phantom (D:6)
  4 earth elementals
  5 scorpions
  11 bullfrogs
  2 gnoll sergeants
  3 wights (D:9)
  6 killer bees (D:8)
  2 howler monkeys
  5 electric eels
  A lava snake (D:14)
  4 jellies
  A centaur zombie (Ossuary)
  A gnoll bouda (D:9)
  2 hounds
  A human simulacrum (Vaults:4)
  30 orc priests
  Crazy Yiuf (D:6)
  2 human zombies
  A sleepcap (D:7)
  13 iguanas
  34 orc wizards
  2 troll simulacra (IceCv)
  A polar bear simulacrum (IceCv)
  3 wolf simulacra (IceCv)
  2 mummies (Ossuary)
  23 gnolls
  7 adders
  14 white imps
  An ufetubus (D:4)
  3 adder zombies (Ossuary)
  4 worms
  The ghost of petzl the Sneak, a weakling FoDe (D:7)
  60 orcs
  6 endoplasms
  14 giant cockroaches
  14 goblins
  4 hobgoblins
  6 jackals
  7 quokkas
  14 ball pythons
  4 bats
  6 frilled lizards
  12 hobgoblin zombies (Ossuary)
  19 kobolds
  12 kobold zombies (Ossuary)
  5 orc zombies (Ossuary)
  3 rats
  A rat zombie (Ossuary)
  5 briar patches (Swamp:4)
1903 creatures vanquished.

Vanquished Creatures (others)
  Mara (Swamp:3)
  A Killer Klown (Zot:5)
  A deep elf elementalist (Elf:1)
  A vault guard (Vaults:5)
  A hydra (Swamp:3)
  A swamp dragon (Swamp:2)
  A tyrant leech (Swamp:3)
  6 bloated husks
  A hornet (Swamp:4)
  2 spriggans (Swamp:2)
  A culicivora (Spider:3)
  A swamp worm (Swamp:4)
  An orc wizard (D:5)
  4 briar patches (Swamp:4)
  2 foxfires (Swamp:3)
  20 fungi
  113 plants
158 creatures vanquished.

Grand Total: 2061 creatures vanquished

Notes
Turn   | Place    | Note
-------+----------+-------------------------------------------
     0 | D:1      | bakla the Minotaur Air Elementalist began the quest for the
                  | Orb.
     0 | D:1      | Reached XP level 1. HP: 14/14 MP: 1/1
   248 | D:1      | Reached skill level 1 in Fighting
   248 | D:1      | Reached skill level 1 in Armour
   248 | D:1      | Reached XP level 2. HP: 23/23 MP: 3/3
   387 | D:1      | Found Ywnaerep's Weapon Shop.
   872 | D:1      | Reached XP level 3. HP: 29/29 MP: 4/4
  1207 | D:2      | Reached skill level 1 in Maces & Flails
  1293 | D:2      | Reached XP level 4. HP: 29/36 MP: 5/5
  2061 | D:3      | Reached XP level 5. HP: 37/44 MP: 6/6
  2290 | D:3      | Found Bakedach's Jewellery Boutique.
  2985 | D:4      | Reached XP level 6. HP: 45/51 MP: 7/7
  3250 | D:4      | Found a staircase to the Ecumenical Temple.
  3308 | Temple   | Entered the Ecumenical Temple
  3398 | Temple   | Became a worshipper of Dithmenos the Shadowed
  3539 | D:4      | Reached XP level 7. HP: 52/59 MP: 8/8
  4425 | D:4      | Upgraded the game from 0.30-a0-964-gd452b5e7fa to
                  | 0.30-a0-965-g42e074c17a
  4440 | D:5      | Entered Level 5 of the Dungeon
  4489 | D:5      | Reached skill level 5 in Maces & Flails
  4814 | D:5      | Noticed Eustachio
  4821 | D:5      | Killed Eustachio
  4822 | D:5      | Reached skill level 5 in Dodging
  4823 | D:5      | Reached skill level 5 in Fighting
  4823 | D:5      | Reached XP level 8. HP: 62/68 MP: 9/9
  4830 | D:5      | Found a sand-covered staircase.
  4835 | Ossuary  | Entered an ossuary
  4872 | Ossuary  | Reached * piety under Dithmenos
  4964 | Ossuary  | Reached skill level 5 in Armour
  5007 | Ossuary  | Reached ** piety under Dithmenos
  5110 | D:5      | Identified the +3 battleaxe of Veezia {freeze, rElec Will+
                  | Int+3}
  5379 | D:6      | Found a glowing drain.
  5395 | D:6      | Reached skill level 1 in Axes
  5404 | Sewer    | Entered a sewer
  5897 | D:6      | Reached skill level 2 in Axes
  6033 | D:6      | Reached skill level 3 in Axes
  6248 | D:6      | Reached skill level 4 in Axes
  6699 | D:3      | Bought an amulet of regeneration for 390 gold pieces
  6807 | D:6      | Found a runed translucent door.
  6808 | D:6      | Noticed Crazy Yiuf
  6813 | D:6      | Killed Crazy Yiuf
  6814 | D:6      | Reached XP level 9. HP: 77/77 MP: 10/10
  6863 | D:7      | Found a runed translucent door.
  6864 | D:7      | Noticed petzl's ghost (weakling FoDe)
  7230 | D:7      | Noticed Menkaure
  7239 | D:7      | Reached skill level 5 in Axes
  7241 | D:7      | Killed Menkaure
  7607 | D:7      | Killed petzl's ghost
  7630 | D:8      | Found a transporter.
  7743 | D:8      | Reached *** piety under Dithmenos
  7814 | D:8      | Found a transporter.
  7861 | D:8      | Found a stormy altar of Qazlal.
  7861 | D:8      | Found an ornate altar of the Wu Jian Council.
  7863 | D:8      | Found a snail-covered altar of Cheibriados.
  7941 | D:8      | Reached skill level 6 in Axes
  8214 | D:8      | Reached skill level 7 in Axes
  8742 | D:9      | Reached XP level 10. HP: 88/88 MP: 11/11
  8768 | D:9      | Found a broken altar of Ashenzari.
  8984 | D:10     | Entered Level 10 of the Dungeon
  9155 | D:10     | Reached skill level 8 in Axes
  9175 | D:10     | Noticed a gargoyle
  9185 | D:10     | Killed a gargoyle
  9439 | D:10     | Noticed an elephant
  9440 | D:10     | Found a staircase to the Lair.
  9457 | D:10     | Killed an elephant
  9459 | D:10     | Reached **** piety under Dithmenos
  9884 | D:11     | Reached skill level 9 in Axes
  9950 | D:11     | Noticed a two-headed ogre
  9959 | D:11     | Killed a two-headed ogre
 10190 | D:11     | Reached skill level 10 in Axes
 10190 | D:11     | Noticed a cyclops
 10254 | D:11     | Killed a cyclops
 10599 | D:11     | Reached XP level 11. HP: 76/97 MP: 12/12
 10705 | D:11     | Noticed a two-headed ogre
 10719 | D:11     | Killed a two-headed ogre
 10720 | D:11     | Reached skill level 11 in Axes
 10952 | D:11     | Noticed a two-headed ogre
 10956 | D:11     | Noticed a boulder beetle
 10972 | D:11     | Killed a two-headed ogre
 10980 | D:11     | Reached skill level 10 in Fighting
 10980 | D:11     | Reached skill level 10 in Armour
 10994 | D:11     | Killed a boulder beetle
 11305 | Lair:1   | Entered Level 1 of the Lair of Beasts
 11400 | Lair:1   | Reached skill level 12 in Axes
 11582 | Lair:1   | Reached ***** piety under Dithmenos
 11589 | Lair:1   | Reached skill level 10 in Dodging
 12042 | Lair:2   | Reached XP level 12. HP: 95/108 MP: 13/13
 12196 | Lair:1   | You fall into a shaft and drop 1 floor!
 12258 | Lair:2   | Reached skill level 13 in Axes
 12657 | Lair:2   | Noticed a catoblepas
 12678 | Lair:2   | Killed a catoblepas
 12701 | Lair:2   | Noticed a five-headed hydra
 12713 | Lair:2   | Killed an eight-headed hydra
 12841 | Lair:2   | Noticed Fannar
 12851 | Lair:2   | Reached skill level 14 in Axes
 12854 | Lair:2   | Killed Fannar
 13187 | Lair:3   | Found a staircase to the Swamp.
 13414 | Lair:3   | You fall into a shaft and drop 2 floors!
 13414 | Lair:5   | Entered Level 5 of the Lair of Beasts
 13423 | Lair:5   | Noticed a death yak
 13423 | Lair:5   | Noticed a death yak
 13423 | Lair:5   | Noticed a death yak
 13435 | Lair:5   | Found a viscous altar of Jiyva.
 13435 | Lair:5   | Found a staircase to the Slime Pits.
 13465 | Lair:5   | Found a runed translucent door.
 13465 | Lair:5   | Noticed Peggaxt's ghost (journeyman MiGl)
 13530 | Lair:5   | Reached XP level 13. HP: 118/118 MP: 14/14
 13546 | Lair:4   | Reached ****** piety under Dithmenos
 13549 | Lair:4   | Reached skill level 15 in Axes
 13594 | Lair:3   | Found a hole to the Spider Nest.
 13649 | Lair:3   | Identified the +4 dagger "Hiru" {heavy, rC- Str+6}
 14019 | Lair:3   | Noticed Amaemon
 14062 | Lair:3   | Killed Amaemon
 14137 | Lair:3   | Identified the +6 arbalest of Wyrd {freeze, rF+ Str-3 Int-4
                  | Dex+9}
 15082 | Lair:4   | Reached skill level 16 in Axes
 15305 | Lair:5   | Found a runed translucent door.
 15355 | Lair:5   | Paralysed by a hornet for 2 turns
 16086 | Lair:5   | Reached XP level 14. HP: 114/129 MP: 15/15
 16123 | Lair:5   | Reached skill level 17 in Axes
 17559 | D:12     | Found a staircase to the Orcish Mines.
 17915 | D:13     | Noticed Erolcha
 17921 | D:13     | Killed Erolcha
 17938 | D:13     | Identified the +4 mace of Understanding {pain, Will+ Str+4}
 18013 | D:13     | Reached skill level 18 in Axes
 18364 | D:13     | Found a gate to the Vaults.
 19155 | D:14     | Reached XP level 15. HP: 130/139 MP: 16/16
 19347 | D:14     | Noticed Azrael
 19353 | D:14     | Killed Azrael
 19769 | D:15     | Entered Level 15 of the Dungeon
 19809 | D:15     | Reached skill level 19 in Axes
 20240 | D:15     | Reached skill level 15 in Fighting
 20244 | D:15     | Reached skill level 15 in Armour
 20929 | D:15     | Found a staircase to the Depths.
 20929 | D:15     | Noticed a frost giant
 20939 | D:15     | Killed a frost giant
 21238 | Orc:1    | Entered Level 1 of the Orcish Mines
 21359 | Orc:2    | Entered Level 2 of the Orcish Mines
 21423 | Orc:2    | Found a frozen archway.
 21438 | IceCv    | Entered an ice cave
 22353 | Orc:2    | Found a staircase to the Elven Halls.
 22473 | Orc:2    | Found a shimmering blue altar of Sif Muna.
 22720 | Orc:2    | Found Lionta Vuont's Magic Scroll Emporium.
 22725 | Orc:2    | Found Qelew's Distillery.
 22737 | Orc:2    | Found Tiol's General Store.
 22737 | Orc:2    | Found Omehoa Demobb's Book Shoppe.
 22787 | Orc:2    | Bought a manual of Dodging for 1120 gold pieces
 22789 | Orc:2    | Bought a potion of heal wounds for 80 gold pieces
 22791 | Orc:2    | Bought a potion of resistance for 170 gold pieces
 22791 | Orc:2    | Bought a potion of might for 68 gold pieces
 22791 | Orc:2    | Bought a potion of might for 68 gold pieces
 22907 | Orc:1    | Reached skill level 15 in Dodging
 23113 | Swamp:1  | Entered Level 1 of the Swamp
 23252 | Swamp:1  | Reached XP level 16. HP: 151/151 MP: 17/17
 24708 | Swamp:2  | Noticed a tentacled monstrosity
 24719 | Swamp:2  | Killed a tentacled monstrosity
 25224 | Swamp:3  | Noticed Mara
 25236 | Swamp:3  | Noticed bakla's illusion
 25237 | Swamp:3  | Killed Mara
 25449 | Swamp:3  | Identified the +3 scale mail of Houmiroy {Str+2}
 25982 | Swamp:4  | Entered Level 4 of the Swamp
 25985 | Swamp:4  | Noticed a thorn hunter
 26006 | Swamp:4  | Killed a thorn hunter
 26393 | Swamp:4  | Reached XP level 17. HP: 157/158 MP: 18/18
 26564 | Swamp:4  | Paralysed by a vampire knight for 3 turns
 26568 | Swamp:4  | HP: 7/163 [poisoned by a vampire knight]
 27109 | Spider:1 | Entered Level 1 of the Spider Nest
 27109 | Spider:1 | Noticed Aizul
 27126 | Lair:3   | Killed Aizul
 27631 | Spider:1 | Noticed Nikola
 27659 | Spider:1 | Killed Nikola
 28367 | Spider:2 | Identified the +3 pair of gloves "Ylollos" {Harm rC++ Int-3
                  | SInv}
 30049 | Spider:3 | Noticed Bai Suzhen
 30063 | Spider:3 | Killed Bai Suzhen
 30723 | Spider:4 | Entered Level 4 of the Spider Nest
 30772 | Spider:4 | Reached XP level 18. HP: 163/176 MP: 19/19
 31064 | Spider:4 | Identified the +0 scale mail of Nodug {rF++}
 31619 | Spider:4 | Reached skill level 20 in Axes
 31787 | Spider:4 | Got a gossamer rune of Zot
 32126 | Elf:1    | Entered Level 1 of the Elven Halls
 32344 | Elf:1    | Reached skill level 21 in Axes
 32355 | Elf:1    | Noticed Zenata
 32392 | Elf:1    | Killed Zenata
 33065 | Elf:1    | Reached skill level 22 in Axes
 33461 | Elf:2    | Identified the ring "Zoubus" {Fly rN+ Int+2}
 33559 | Elf:2    | Identified a scroll of acquirement
 33573 | Elf:2    | Acquired a +0 executioner's axe of freezing
 33592 | Elf:2    | Found a runed translucent gate.
 33592 | Elf:2    | Found a runed translucent gate.
 33606 | Elf:2    | Found a runed translucent gate.
 33862 | Elf:3    | Entered Level 3 of the Elven Halls
 34037 | Elf:3    | Reached XP level 19. HP: 185/185 MP: 20/20
 34141 | Elf:3    | Reached skill level 1 in Shields
 34263 | Elf:3    | Reached skill level 23 in Axes
 34546 | Abyss:3  | Cast into level 3 of the Abyss (a deep elf sorcerer)
 34597 | Abyss:3  | Found a corrupted altar of Lugonu.
 34670 | Abyss:3  | Found a corrupted altar of Lugonu.
 34695 | Abyss:3  | Found a corrupted altar of Lugonu.
 34865 | Elf:3    | Escaped the Abyss
 34883 | Elf:3    | Reached skill level 5 in Shields
 35090 | Elf:3    | Identified the ring "Tiokh" {Str+4 SInv}
 35174 | Elf:3    | Identified the +1 leather armour of Yschesh {rF+ rC+}
 35396 | Elf:3    | Identified the +3 trident of Valiance {flame, rC+ Str+2}
 35444 | Elf:3    | Identified the +6 short sword "Manab" {heavy, Will+ SInv}
 35500 | Elf:3    | Identified the staff of air "Acinkini" {rElec rN+++ Will-
                  | Int+5 Stlth-}
 35560 | Elf:3    | Identified the +3 mace "Qiem Duc" {flame, Int+2 Dex+6 SInv
                  | Stlth+}
 35871 | Elf:3    | Reached skill level 24 in Axes
 36874 | Swamp:4  | Found a basalt altar of Yredelemnul.
 36887 | Swamp:4  | Got a decaying rune of Zot
 37001 | Swamp:4  | Found a blossoming altar of Fedhas.
 37246 | Vaults:1 | Entered Level 1 of the Vaults
 37326 | Vaults:1 | Paralysed by a great orb of eyes for 5 turns
 37458 | Vaults:1 | Reached skill level 10 in Shields
 37646 | Vaults:1 | Reached XP level 20. HP: 193/193 MP: 21/21
 37914 | D:3      | Bought a ring of willpower for 325 gold pieces
 38865 | Vaults:1 | Reached skill level 25 in Axes
 39460 | Vaults:2 | Found a transporter.
 39470 | Vaults:2 | Found a transporter.
 39842 | Vaults:2 | Found Kalaiw Bodd's Weapon Emporium.
 40156 | Vaults:2 | Acquired 451 gold pieces
 40259 | Vaults:2 | Found Xaog's Armour Emporium.
 40754 | Vaults:3 | Reached skill level 26 in Axes
 40769 | Vaults:3 | You fall into a shaft and drop 1 floor!
 41148 | Vaults:3 | Found a staircase to the Crypt.
 41601 | Vaults:3 | Reached skill level 15 in Shields
 41612 | Vaults:3 | Reached XP level 21. HP: 137/201 MP: 22/22
 43240 | Depths:1 | Entered Level 1 of the Depths
 43246 | Depths:1 | Reached skill level 27 in Axes
 43327 | Depths:1 | Identified the +1 ring mail "Ybegieg" {rF- Int+3}
 43839 | Depths:1 | Found a one-way gateway to a ziggurat.
 43917 | Depths:1 | Found a gateway to Hell.
 44234 | Depths:1 | Acquired 766 gold pieces
 44351 | Depths:2 | Acquired 871 gold pieces
 44363 | Depths:2 | Found a one-way gate to the infinite horrors of the Abyss.
 44420 | Depths:2 | Found a white marble altar of Elyvilon.
 44456 | Depths:2 | Found Wicokina's General Store.
 44461 | Depths:2 | Bought a scroll of enchant armour for 127 gold pieces
 44461 | Depths:2 | Bought a scroll of teleportation for 51 gold pieces
 44576 | Depths:2 | Found Gocop's Jewellery Shoppe.
 44576 | Depths:2 | Found Zishoarr's Book Shop.
 44578 | Depths:2 | Found Faminaemm's Book Shop.
 44586 | Depths:2 | Bought the ring of Sotzy {Will+ rCorr Int-3 Stlth+} for 579
                  | gold pieces
 44908 | Depths:2 | Identified the +12 hand axe of Understanding {freeze, rF++
                  | Str+3 Dex-5 SInv}
 45291 | Depths:2 | Found a one-way gate leading to the halls of Pandemonium.
 45814 | Depths:3 | Noticed Vv
 45989 | Depths:3 | Noticed a golden dragon
 45992 | Depths:3 | Killed a golden dragon
 46095 | Depths:3 | Noticed Parghit
 46330 | Depths:3 | Killed Parghit
 46331 | Depths:3 | Reached XP level 22. HP: 123/209 MP: 23/23
 46641 | Depths:3 | Identified the +7 chain mail "Rysuuff Piug" {Str+3}
 46684 | Depths:3 | Noticed Boris
 46702 | Depths:3 | Killed Boris
 47075 | Depths:4 | Entered Level 4 of the Depths
 47133 | Depths:4 | Noticed Sojobo
 47149 | Depths:4 | Noticed a golden dragon
 47163 | Depths:4 | Killed a golden dragon
 47242 | Depths:4 | Noticed a golden dragon
 47242 | Depths:4 | Noticed a golden dragon
 47256 | Depths:4 | Killed a golden dragon
 47266 | Depths:4 | Killed a golden dragon
 47291 | Depths:4 | Noticed a golden dragon
 47294 | Depths:4 | Found a gate to the Realm of Zot.
 47298 | Depths:4 | Killed a golden dragon
 47299 | Depths:4 | Reached skill level 1 in Invocations
 47299 | Depths:4 | Reached skill level 1 in Evocations
 47486 | Depths:4 | Paralysed by an air elemental for 1 turns
 47509 | Depths:4 | Killed Sojobo
 47705 | Depths:4 | Found Koamug's Antique Weapon Shoppe.
 47707 | Depths:4 | Found Baeschy's Assorted Antiques.
 47710 | Depths:4 | Found Cenad's Armour Shoppe.
 47715 | Depths:4 | Bought a potion of might for 180 gold pieces
 47808 | Depths:4 | Reached skill level 5 in Invocations
 47942 | Depths:4 | Noticed a caustic shrike
 47943 | Depths:4 | Noticed a caustic shrike
 47943 | Depths:4 | Noticed a caustic shrike
 47944 | Depths:4 | Noticed a caustic shrike
 47944 | Depths:4 | Noticed a caustic shrike
 47956 | Depths:4 | Killed a caustic shrike
 47957 | Depths:4 | Reached skill level 5 in Evocations
 47960 | Depths:4 | Killed a caustic shrike
 47968 | Depths:4 | Killed a caustic shrike
 47970 | Depths:4 | Noticed a golden dragon
 47971 | Depths:4 | Killed a caustic shrike
 47972 | Depths:4 | Killed a caustic shrike
 48164 | Depths:4 | Found an ornate altar of the Wu Jian Council.
 48207 | Depths:4 | Noticed Frederick
 48221 | Depths:4 | Banished Frederick
 48660 | Depths:3 | Banished Vv
 49431 | Vaults:5 | Entered Level 5 of the Vaults
 49436 | Vaults:5 | Noticed a golden dragon
 49446 | Vaults:5 | Banished a golden dragon
 49549 | Vaults:5 | Reached XP level 23. HP: 146/217 MP: 28/28
 50007 | Vaults:5 | Identified the amulet of Qeikkoma {rPois rN+ Regen+ Stlth+}
 50172 | Vaults:5 | Identified the +1 chain mail of the Evening {Stlth+}
 50196 | Vaults:5 | Reached skill level 10 in Invocations
 50319 | Vaults:5 | Identified the ring of Suspicion {Contam Fly Str+4 SInv}
 50319 | Vaults:5 | Found the +7 Spriggan's Knife {stab, EV+4 Stlth+}
 50391 | Vaults:5 | Reached skill level 10 in Evocations
 50413 | Vaults:5 | Identified the ring of Attitude {Contam Int+6 Dex+6 Stlth+}
 50533 | Vaults:5 | Identified the +5 shortbow "Hellblazer" {heavy, Will+ Str+3
                  | SInv}
 50834 | Vaults:5 | Identified the +2 scale mail "Kabiqeil" {rN+++}
 50837 | Vaults:5 | Identified the +2 ring mail of the Caustic God {Drain rN+
                  | Will+ MP+9}
 50844 | Vaults:5 | Got Vamudool's Collected Works on Freezing and the
                  | Comitatus
 50872 | Vaults:5 | Got a silver rune of Zot
 51160 | Vaults:5 | Identified the +3 pair of gloves "Ezets" {rElec rC- rN+++
                  | Dex-5}
 51857 | Zot:1    | Entered Level 1 of the Realm of Zot
 52632 | Zot:1    | Found a runed translucent gate.
 52632 | Zot:1    | Found a runed translucent gate.
 52638 | Zot:1    | Found a runed translucent gate.
 52640 | Zot:1    | Noticed Rifisioch's ghost (veteran TrCK)
 52642 | Zot:1    | Found a viscous altar of Jiyva.
 53276 | Zot:4    | Reached XP level 24. HP: 221/226 MP: 31/31
 53645 | Zot:5    | Entered Level 5 of the Realm of Zot
 54480 | Zot:5    | Noticed a Killer Klown
 54493 | Zot:5    | Killed a Killer Klown
 54613 | Zot:5    | Noticed an ancient lich
 54625 | Zot:5    | Killed an ancient lich
 54639 | Zot:5    | Noticed a Killer Klown
 54663 | Zot:5    | Killed a Killer Klown
 54772 | Zot:5    | Noticed an ancient lich
 54802 | Zot:5    | Killed an ancient lich
 54817 | Zot:5    | Noticed an ancient lich
 54822 | Zot:5    | Banished an ancient lich
 54823 | Zot:5    | Noticed an ancient lich
 54826 | Zot:5    | Noticed a Killer Klown
 54837 | Zot:5    | Killed a Killer Klown
 54840 | Zot:5    | Killed an ancient lich
 54857 | Zot:5    | Noticed an orb of fire
 54858 | Zot:5    | Gained mutation: Your body sometimes deteriorates upon
                  | taking damage. [an orb of fire]
 54860 | Zot:5    | Gained mutation: Your flesh is heat resistant. (rF+) [an
                  | orb of fire]
 54868 | Zot:5    | Gained mutation: Your body often deteriorates upon taking
                  | damage. [an orb of fire]
 54872 | Zot:5    | Gained mutation: Your spells are a little easier to cast,
                  | but a little less powerful. [an orb of fire]
 54874 | Zot:5    | Gained mutation: You are frail. (-10% HP) [an orb of fire]
 54876 | Zot:5    | Killed an orb of fire
 54887 | Zot:5    | Noticed a Killer Klown
 54891 | Zot:5    | Noticed a Killer Klown
 54898 | Zot:5    | Killed a Killer Klown
 54903 | Zot:5    | Killed a Killer Klown
 55092 | Zot:5    | Noticed a Killer Klown
 55104 | Zot:5    | Killed a Killer Klown
 55105 | Zot:5    | Noticed an ancient lich
 55112 | Zot:5    | Killed an ancient lich
 55333 | Zot:5    | Noticed an orb of fire
 55356 | Zot:5    | Killed an orb of fire
 55797 | Zot:5    | Noticed an orb of fire
 55811 | Zot:5    | Gained mutation: You occasionally shout uncontrollably at
                  | your foes. [an orb of fire]
 55813 | Zot:5    | Banished an orb of fire
 56258 | Zot:5    | Got the Orb of Zot
 56303 | Zot:5    | Noticed an ancient lich
 56313 | Zot:5    | Killed an ancient lich
 56829 | D:$      | Escaped with the Orb!

Illustrated notes

Levels and vault maps discovered:
D:1:      dpeg_arrival_arbitrary_b, layout_basic, serial_shops, shop_fountains,
          chequers_garden
D:2:      layout_rooms, st_stairs_9
D:3:      wander_river, layout_rooms, serial_shops, shop, minmay_pentomino_pile
D:4:      layout_loops_cross, minmay_temple_entry_junction
D:5:      layout_basic, enter_ossuary_2, minmay_misc_feat_square, uniq_eustachio
D:6:      layout_gridville, gup_sewer_entry_glass, uniq_crazy_yiuf_cottage
D:7:      layout_gridville, gammafunk_ghost_grave, serial_bayou_lagoon_b,
          uniq_menkaure
D:8:      statuecave_lemuel, layout_loops_ring,
          chequers_temple_overflow_statue_of_worship,
          gammafunk_ghost_abyssal_escape
D:9:      layout_roguey, ashenzari_conservatory_becter, kennysheep_boxes
D:10:     layout_roguey, david_lair_generic
D:11:     kb_forest_paths, layout_basic
D:12:     nicolae_cairo_tiling_large, layout_loops_ring, david_orc_3,
          serial_bayou_pond_a, minmay_increasing_density
D:13:     layout_roguey, grunt_vaults_entry_fortified, uniq_erolcha
D:14:     layout_big_octagon, chequers_serial_rivers_large_a,
          nrook_pool_corridor, uniq_azrael
D:15:     grunt_enter_depths_snipers, layout_irregular_city, minmay_crystal_room
Temple:   dpeg_three_leaves_temple
Lair:1:   layout_gridlike, serial_bayou, serial_bayou_pond_e,
          serial_bayou_shore_b, serial_bayou_lagoon_a, serial_bayou_pond_d
Lair:2:   beast_lair_carwin_large_4, layout_regular_city, uniq_fannar
Lair:3:   layout_long_grid, swamp_mist, nicolae_spider_entry_non_spiders,
          serial_bayou_shore_b, lemuel_fruit_fields, uniq_amaemon
Lair:4:   layout_hall_layers, grunt_megastairs_4, serial_bayou_shore_a
Lair:5:   hangedman_lair_tendril_chambers, layout_misc_corridors, wormcave,
          slime_entry_1, hellmonk_ghost_happy_afterlife, fungi_pond_lemuel,
          chequers_serial_rivers_micro_e, grunt_forest_small_clearings
Swamp:1:  layout_falls_marsh, nicolae_swamp_ascending_descending_big
Swamp:2:  layout_basic_swamp, nicolae_swamp_small_spring
Swamp:3:  nicolae_swamp_husk_halls, layout_basic_swamp,
          nicolae_swamp_tree_isthmus, swamp_pool3, uniq_mara
Swamp:4:  byrel_swamp_growth_death_and_undeath, layout_basic_swamp
Spider:1: layout_spider_delve, uniq_nikola, uniq_aizul
Spider:2: layout_spider_delve
Spider:3: layout_chambers, hangedman_stitches_earthworm,
          nicolae_spider_cling_halls, hangedman_spider_tarantella_strand,
          uniq_bai_suzhen
Spider:4: grunt_spider_rune_island
Orc:1:    layout_caves
Orc:2:    st_orc_mages, layout_caves, portal_ice_cave_entry_imps,
          kennysheep_orc_sif_temple
Elf:1:    layout_geoelf_grid, minmay_elf_crystal_heptagon, uniq_zenata
Elf:2:    nicolae_elf_blades_splatter_lattice [mumra_blade_entry_bloodbath],
          layout_loops_cross, serial_sigils_hangedman_scar
Elf:3:    minmay_elf_hall_spiked, layout_loops_corners, grunt_megastairs_3
Vaults:1: nicolae_vaults_twisting_passages, v_alt_pattern_5,
          ontoclasm_vaults_twist, grunt_vaults_hallway_long, v_misc_33,
          nicolae_vaults_network_periphery, hangedman_vaults_snaps,
          ontoclasm_vaults_bender, vaults_standard_mumra_lines,
          nicolae_vaults_little_squares_1, grunt_vaults_hallway_long,
          nicolae_vaults_ring_of_whatevers, layout_vaults_ring
Vaults:2: gammafunk_sealed_arena, grunt_vaults_twisty, ontoclasm_vaults_fault,
          hangedman_vaults_impose, dpeg_vaults_monster_box, v_rooms_4, v_misc_1,
          v_misc_15, vaults_room_door_ring, layout_vaults_omnicross,
          serial_hangedman_research, serial_shops, nicolae_square_shop
Vaults:3: nicolae_vaults_big_ls, nicolae_vaults_network_quinsquares
          [nicolae_vaults_network_quincunx_subvault,
          nicolae_vaults_network_quincunx_subvault,
          nicolae_vaults_network_quincunx_subvault,
          nicolae_vaults_network_quincunx_subvault], hangedman_vaults_stream,
          ontoclasm_vaults_hangar, ontoclasm_vaults_ring_square,
          hangedman_vaults_maws, nicolae_vaults_halls_meeting,
          nicolae_vaults_little_squares_6, layout_vaults_big_room
Vaults:4: ontoclasm_vaults_ligature, vaults_dpeg_doors,
          nicolae_vaults_little_squares_6, v_pattern_3, vaults_standard_mumra_x,
          layout_vaults_omnigrid
Vaults:5
Depths:1: layout_gridlike, enter_ziggurat_a, marbit_kobold_abyss_entry,
          nicolae_lava_and_water, hangedman_geh_valley, kennysheep_just_a_vault,
          kennysheep_random_hallway
Depths:2: minmay_inner_zag, layout_gridlike, hell_entry, elyvilon_altar_3,
          serial_shops, nicolae_shop_hallway_plus, grunt_pan_entry_in_and_out,
          abyss_entry_small_statue_room, serial_bayou_shore_b,
          infiniplex_staircase_zigzag_3, minmay_shop_grove
Depths:3: hellmonk_ruined_rings, layout_gridlike, hell_entry, abyss_entry,
          minmay_misc_feat_cross, kilobyte_mutagenic_chamber, uniq_parghit,
          uniq_vv, uniq_boris
Depths:4: grunt_zot_entry_funnels, layout_gridlike, nzn_wu_jian_council_hall,
          hangedman_coc_ice_floe, rand_demon_pan_entry_9, minmay_shop_star,
          uniq_frederick, uniq_sojobo
Zot:1:    layout_misc_corridors, gammafunk_ghost_ooze, grunt_megastairs_1
Zot:2:    layout_basic, gammafunk_ghost_necromancy
Zot:3:    circus_mu, layout_onion_interference
Zot:4:    layout_misc_corridors
Zot:5:    layout_basic

Skill      XL: |  1  2  3  4  5  6  7  8  9 10 11 12 13 14 15 16 17 18 19 20 21 22 23 24 |
---------------+-------------------------------------------------------------------------+-----
Fighting       | 1 2 3 4 5 6 7 9 10 12 13 14 16 17 19 20 22 | 22.5
Armour         | 1 2 3 4 6 7 9 10 11 13 14 15 17 19 20 22 | 22.5
Dodging        | 3 4 5 6 7 8 10 11 12 13 15 18 20 | 20.0
Maces & Flails | 1 2 3 4 6 |  6.7
Axes           | 4 7 10 12 14 16 18 19 22 24 26 27 | 27.0
Shields        | 10 15 20 22 | 22.6
Invocations    | 8 13 | 13.0
Evocations     | 7 10 | 10.0
Stealth        | |  1.5
Spellcasting   | |  1.3
Conjurations   | |  0.6
Air Magic      | |  2.1

Action                     |  1- 3 |  4- 6 |  7- 9 | 10-12 | 13-15 | 16-18 | 19-21 | 22-24 || total
---------------------------+-------+-------+-------+-------+-------+-------+-------+-------++-------
  Melee: Unarmed           |    10 |     2 |       |       |       |       |       |       ||    12
         Club              |    69 |    67 |       |       |       |       |       |       ||   136
         Headbutt          |    14 |    28 |    61 |    91 |   288 |   323 |   354 |   325 ||  1484
         Punch             |     2 |     2 |     2 |       |       |       |       |       ||     6
         Whip              |       |    82 |   147 |       |       |       |       |       ||   229
         Battleaxe         |       |       |   171 |   415 |  1019 |  1118 |   156 |       ||  2879
         Halberd           |       |       |       |       |       |    52 |       |       ||    52
         Executioner's axe |       |       |       |       |       |    24 |    74 |       ||    98
         Broad axe         |       |       |       |       |       |       |  1005 |  1094 ||  2099
  Throw: Dart              |    16 |    16 |       |    14 |     6 |     2 |     1 |       ||    55
         Stone             |     4 |       |       |       |       |       |       |       ||     4
         Throwing net      |       |       |       |       |       |     2 |     1 |       ||     3
  Evoke: Wand              |       |       |       |     2 |     3 |     6 |     7 |     8 ||    26
         Phial of floods   |       |       |       |       |     1 |       |       |       ||     1
         Condenser vane    |       |       |       |       |       |       |     1 |     1 ||     2
         Phantom mirror    |       |       |       |       |       |       |       |     1 ||     1
    Use: Scroll            |     3 |     6 |    13 |     7 |     7 |    15 |    18 |    14 ||    83
         Potion            |       |     2 |       |     4 |       |    10 |     9 |    10 ||    35
   Stab: Sleeping          |       |       |       |       |       |     6 |       |       ||     6
         Distracted        |       |       |       |       |       |     3 |     1 |     2 ||     6
 Armour: Robe              |     6 |       |       |       |       |       |       |       ||     6
         Ring mail         |    25 |    12 |       |       |       |       |       |       ||    37
         Scale mail        |       |    34 |    67 |       |       |       |       |       ||   101
         Chain mail        |       |       |    69 |   153 |   107 |       |       |       ||   329
         Crystal plate arm |       |       |       |       |   356 |   493 |   374 |       ||  1223
         Swamp dragon scal |       |       |       |       |       |   137 |       |       ||   137
         Gold dragon scale |       |       |       |       |       |       |       |   378 ||   378
  Dodge: Dodged            |    51 |    62 |   281 |   360 |   736 |  1184 |   546 |   531 ||  3751
  Block: Buckler           |       |       |       |       |       |       |    90 |       ||    90
         Tower shield      |       |       |       |       |       |       |   470 |   835 ||  1305

Table legend: (Time is in decaauts)
 A = Elapsed time spent in this place.
 B = Non-inter-level travel time spent in this place.
 C = Inter-level travel time spent in this place.
 D = Time resting spent in this place.
 E = Time spent auto-exploring this place.
 F = Levels seen in this place.
 G = Mean time per level.
                   A        B        C        D        E       F      G
               +--------+--------+--------+--------+--------+-----+--------+
         Total |  56337 |  50281 |   6056 |  11143 |  26185 |  53 | 1063.0 |
       Dungeon |  16833 |  13995 |   2838 |   2412 |   8260 |  15 | 1122.2 |
        Temple |    182 |    171 |     11 |      0 |     58 |   1 |  182.0 |
          Lair |   6153 |   5693 |    460 |   1403 |   3065 |   5 | 1230.6 |
         Swamp |   4004 |   3690 |    314 |   1017 |   1644 |   4 | 1001.0 |
   Spider Nest |   4604 |   4367 |    237 |   1072 |   2225 |   4 | 1151.0 |
  Orcish Mines |   1120 |    820 |    300 |     63 |    505 |   2 |  560.0 |
   Elven Halls |   3893 |   3336 |    557 |    378 |   1926 |   3 | 1297.7 |
        Vaults |   7629 |   6864 |    765 |    948 |   4282 |   5 | 1525.8 |
        Depths |   5977 |   5548 |    429 |   1211 |   3177 |   4 | 1494.2 |
           Zot |   4070 |   3930 |    140 |   2239 |    485 |   5 |  814.0 |
         Abyss |    315 |    315 |      0 |     63 |    162 |   2 |  157.5 |
         Sewer |    547 |    547 |      0 |      0 |    195 |   1 |  547.0 |
       Ossuary |    247 |    247 |      0 |      9 |     32 |   1 |  247.0 |
      Ice Cave |    760 |    760 |      0 |    326 |    167 |   1 |  760.0 |
               +--------+--------+--------+--------+--------+-----+--------+

Top non-repeatable levels by time:
   Zot:5: 2609 daAuts
   Elf:3: 1928 daAuts
Depths:4: 1912 daAuts
Spider:3: 1709 daAuts
Depths:3: 1691 daAuts
Vaults:1: 1658 daAuts
Vaults:5: 1611 daAuts
    D:13: 1598 daAuts
  Lair:3: 1575 daAuts
Vaults:4: 1564 daAuts
    D:11: 1550 daAuts
     D:4: 1524 daAuts
Vaults:2: 1485 daAuts
    D:12: 1479 daAuts
    D:15: 1474 daAuts
